 Dungeon Crawl Stone Soup version 0.21.0-37-g46506fa (webtiles) character file.

66 pk666 the Chopper (level 3, -5/35 HPs)
             Began as a Minotaur Berserker on Feb 1, 2018.
             Was a Believer of Trog.
             Killed from afar by a white imp (12 damage)
             ... with a puff of frost
             ... summoned by Natasha
             ... on level 3 of the Dungeon.
             The game lasted 00:02:30 (1413 turns).

pk666 the Chopper (Minotaur Berserker)              Turns: 1413, Time: 00:02:31

Health: -5/35      AC:  9    Str: 22    XL:     3   Next: 96%
Magic:  2/2        EV:  8    Int:  4    God:    Trog [**....]
Gold:   28         SH:  0    Dex:  9    Spells: 2/2 levels left

rFire    . . .     SeeInvis .   a - +0 hand axe
rCold    . . .     Gourm    .   (no shield)
rNeg     . . .     Faith    .   k - +0 chain mail (curse)
rPois    .         Spirit   .   (helmet restricted)
rElec    .         Reflect  .   (no cloak)
rCorr    .         Harm     .   l - +0 pair of gloves
MR       .....                  (no boots)
Stlth    ..........             (no amulet)
HPRegen  0.11/turn              (no ring)
MPRegen  0.08/turn              (no ring)

@: slowed, very slow
A: retaliatory headbutt, horns 2
a: Berserk, Trog's Hand, Burn Spellbooks, Renounce Religion


You were on level 3 of the Dungeon.
You worshipped Trog.
Trog was pleased with you.
You were hungry.

You visited 1 branch of the dungeon, and saw 3 of its levels.

You collected 28 gold pieces.

Inventory:

Hand Weapons
 a - a +0 hand axe (weapon)
Armour
 k - a cursed +0 chain mail (worn)
 l - a +0 pair of gloves (worn)
Jewellery
 d - an uncursed ring of see invisible {unknown}
Scrolls
 b - 2 scrolls of fog {unknown}
 e - a scroll of blinking {unknown}
 f - 4 scrolls of identify {unknown}
 g - 2 scrolls of immolation {unknown}
 h - a scroll of remove curse {unknown}
 j - a scroll of fear {unknown}
 n - a scroll of magic mapping {unknown}
Potions
 i - a potion of heal wounds {unknown}
 m - a potion of haste {unknown}
Comestibles
 c - 2 rations


   Skills:
 + Level 4.9 Fighting
 + Level 4.9 Axes
 - Level 2.4 Armour
 - Level 2.1 Dodging


You had 2 spell levels left.
You didn't know any spells.

Dungeon Overview and Level Annotations

Branches:
Dungeon (3/15)

Altars:
Elyvilon
Yredelemnul

Annotations:
D:3 Natasha


Innate Abilities, Weirdness & Mutations

You reflexively headbutt those who attack you in melee.
You have a pair of horns on your head.


Message History

You closely miss the white imp.
Natasha stares at you and mumbles some strange words.
You feel as though you will be slow longer.
The white imp hits you but does no damage.
Natasha claws you but does no damage.
You hit Natasha.
Natasha is severely wounded.
Your chain mail prevents you from hitting the white imp.
The white imp closely misses you. Natasha claws you.
The white imp gestures at you. The puff of frost hits you!
You hit Natasha but do no damage.
Natasha is severely wounded.
You hit the white imp but do no damage. Natasha claws you but does no damage.
The white imp hits you. The white imp freezes you.
* * * LOW HITPOINT WARNING * * *
Natasha claws you but does no damage. The white imp gestures at you.
The puff of frost hits you!
You die...

# # #.
##. #.
....#.###
#....h.+
#.5@#
#.###.#
#.#<#.#
#.#.#.#
#.#.#.#
#.#.#.#
#.#.#.#
##†#.#.#
#....#.#


You could see Natasha and a white imp.

Vanquished Creatures
  An adder (D:2)
  2 oozes
  A worm (D:2)
  2 dart slugs
  A leopard gecko (D:1)
  A ball python (D:1)
  7 bats
  4 goblins
  3 hobgoblins
  6 jackals (D:2)
  A quokka (D:2)
  3 frilled lizards
  4 kobolds
  2 rats (D:1)
38 creatures vanquished.

Notes
Turn   | Place    | Note
-------+----------+-------------------------------------------
     0 | D:1      | pk666 the Minotaur Berserker began the quest for the Orb.
     0 | D:1      | Reached XP level 1. HP: 19/19 MP: 0/0
   476 | D:1      | Reached XP level 2. HP: 27/27 MP: 1/1
   842 | D:2      | Reached XP level 3. HP: 34/34 MP: 2/2
   902 | D:2      | Reached ** piety under Trog
  1139 | D:2      | Found a basalt altar of Yredelemnul.
  1242 | D:2      | Found a white marble altar of Elyvilon.
  1403 | D:3      | Noticed Natasha
  1413 | D:3      | Killed from afar by a white imp

Skill      XL: |  1 |
---------------+----+-----
Fighting       | 4 |  4.9
Axes           | 4 |  4.9
Armour         | |  2.4
Dodging        | |  2.1

Action                   || total
-------------------------++-------
Melee: Hand axe          ||    86
       Headbutt          ||    12
  Eat: Chunk             ||     1
Armor: Animal skin       ||    10
       Chain mail        ||    54
Dodge: Dodged            ||    43
